 Dungeon Crawl Stone Soup version 0.30-a0-377-g5cb311bc9f (webtiles) character file.

Game seed: 21482461584391122

144 qeuew the Trooper (level 5, -6/42 HPs)
             Began as a Demonspawn Monk on Nov 29, 2022.
             Mangled by Iich's ghost (11 damage)
             ... on level 3 of the Dungeon.
             The game lasted 00:02:47 (2808 turns).

qeuew the Trooper (Demonspawn Monk)                 Turns: 2808, Time: 00:02:47

Health: -6/42      AC:  5    Str: 13    XL:     5   Next: 5%
Magic:  5/5        EV: 12    Int: 11    God:
Gold:   150        SH:  0    Dex: 16    Spells: 4/4 levels left

rFire   . . .      SeeInvis .    c - +1 broad axe (vorpal)
rCold   . . .      Faith    .    (no shield)
rNeg    . . .      Spirit   .    f - +0 ring mail
rPois   .          Reflect  .    (helmet restricted)
rElec   .          Harm     .    (no cloak)
rCorr   .          Rampage  .    (no gloves)
Will    .....                    (no boots)
Stlth   +.........               (no amulet)
HPRegen 0.27/turn                (no ring)
MPRegen 0.09/turn                (no ring)

@: no status effects
A: horns 1, demonic guardian 1
a: no special abilities


You were on level 3 of the Dungeon.
You visited 1 branch of the dungeon, and saw 3 of its levels.

You collected 150 gold pieces.

Inventory:

Hand Weapons
 c - a +1 vorpal broad axe (weapon)
Armour
 f - a +0 ring mail (worn)
Jewellery
 e - a ring of resist corrosion
Scrolls
 b - a scroll of teleportation
Potions
 a - a potion of brilliance {unknown}
 d - a potion of might


   Skills:
 + Level 3.8 Fighting
 + Level 3.4 Axes
 + Level 1.8 Armour
 + Level 3.4 Dodging
 - Level 2.0 Stealth


You had 4 spell levels left.
You didn't know any spells.
Your spell library contained the following spells:

 Spells                   Type           Power      Damage    Failure   Level
 Apportation              Tloc           0%         N/A       58%         1
 Freeze                   Ice            0%         1d3       58%         1
 Necrotise                Necr           0%         1d4       58%         1
 Summon Small Mammal      Summ           0%         N/A       58%         1
 Frozen Ramparts          Ice            0%         1d1       92%         3
 Hailstorm                Conj/Ice       0%         3d3       92%         3


Dungeon Overview and Level Annotations

Branches:
Dungeon (3/15)

Altars:
Qazlal
Xom

Annotations:
D:3 Iich's ghost, amateur MiBe


Innate Abilities, Weirdness & Mutations

You have a pair of small horns on your head.
A weak demonic guardian rushes to your aid.


Message History

There is an open door here.
Found an escape hatch in the floor.
There is an open door here.
You now have 150 gold pieces (gained 11).
Iich's ghost turns its malevolent gaze towards you.
There is an open door here.
There is an open door here.
There is an open door here.
There is an open door here.
There is an open door here.
There is a fountain of clear blue water here.
There is a shimmering altar of Xom here.
There is a fountain of clear blue water here.
There is an open door here.
Iich's ghost turns its malevolent gaze towards you.
No reachable target in view!
Could not explore, unopened runed door.
Could not explore, unopened runed door.
You open the large door. You closely miss Iich's ghost.
Your headbutt misses Iich's ghost.
Iich's ghost hits you but does no damage.
Iich's ghost whispers, "There is no future for you."
Iich's ghost hits you.
You closely miss Iich's ghost. Iich's ghost hits you.
You barely miss Iich's ghost. Your headbutt misses Iich's ghost.
Iich's ghost hits you!
You closely miss Iich's ghost. Your headbutt misses Iich's ghost.
Iich's ghost hits you.
Iich's ghost hits you but does no damage.
You barely miss Iich's ghost. Iich's ghost hits you!
You barely miss Iich's ghost. Iich's ghost barely misses you.
Iich's ghost completely misses you.
You barely miss Iich's ghost. Iich's ghost hits you!
* * * LOW HITPOINT WARNING * * *
A demonic guardian appears!
You slash Iich's ghost!
You headbutt Iich's ghost, but do no damage.
Iich's ghost is moderately damaged.
Iich's ghost hits you!
You die...

.# #......###...#####.# .#
#.###### ##.## #.# # .# #.# #.#
#.# # .#### ####.# #.# #.# #
....#####....# ##'## #.###
.......##.######## ##...## #....
.##.##.##.##.....###.....## #####
....##.##.##..............## ##.
##..##.##.#.....@..........####..
...........####'W####......+.....
.......##.###.≈~.5§.#......####..
##...####.##..⌠~#.§##.......# ##.
.....# #.##.#.~≈§.##....##.## ##
.....# #.###..!~.#.#...###..#
.⌠..## #..####.#.####'## ##⌠##
#...# ##### ########.####.^.##
##..# #.# #.....##..≈♣^##


You could see Iich's ghost (ally target) and a friendly shadow imp (summoned).

Vanquished Creatures
  5 adders
  A worm (D:3)
  5 dart slugs
  2 orcs (D:3)
  9 ball pythons
  6 endoplasms
  2 giant cockroaches (D:3)
  9 goblins
  4 hobgoblins
  2 jackals (D:2)
  3 quokkas
  6 bats
  2 frilled lizards (D:1)
  4 kobolds
  3 rats
63 creatures vanquished.

Vanquished Creatures (collateral kills)
  An adder (D:2)
  A worm (D:2)
  A ball python (D:2)
  A jackal (D:2)
  A bat (D:2)
5 creatures vanquished.

Grand Total: 68 creatures vanquished

Notes
Turn   | Place    | Note
-------+----------+-------------------------------------------
     0 | D:1      | qeuew the Demonspawn Monk began the quest for the Orb.
     0 | D:1      | Reached XP level 1. HP: 18/18 MP: 1/1
   220 | D:1      | Gained mutation: A weak demonic guardian rushes to your
                  | aid. [demonic ancestry]
   220 | D:1      | Reached XP level 2. HP: 20/24 MP: 2/2
   931 | D:2      | Reached XP level 3. HP: 24/29 MP: 3/3
   970 | D:2      | Reached skill level 1 in Armour
  1064 | D:2      | You fall into a shaft and drop 1 floor!
  1198 | D:3      | Found a shimmering altar of Xom.
  1213 | D:3      | Found a large runed translucent door.
  1213 | D:3      | Found a large runed translucent door.
  1284 | D:3      | Found a shimmering altar of Xom.
  1286 | D:3      | Found a shimmering altar of Xom.
  1375 | D:3      | Noticed Iich's ghost (amateur MiBe)
  1512 | D:2      | Reached XP level 4. HP: 35/35 MP: 4/4
  2158 | D:3      | Found a faded altar of an unknown god.
  2172 | D:3      | Found a stormy altar of Qazlal.
  2435 | D:3      | Discovered your monstrous ancestry.
  2435 | D:3      | Gained mutation: You have a pair of small horns on your
                  | head. [demonic ancestry]
  2435 | D:3      | Reached XP level 5. HP: 42/42 MP: 5/5
  2808 | D:3      | Mangled by Iich's ghost

Illustrated notes

Levels and vault maps discovered:
D:1:      mrwooster_arrival_statue_3, layout_basic, minmay_split_cup_large
D:2:      layout_loops_cross
D:3:      minmay_octagon_keep, layout_loops_corners,
          nicolae_overflow_ecumenical_swirl, xom_redecorated,
          ebering_ghost_disaster_area

Skill      XL: |  1  2  3 |
---------------+----------+-----
Stealth        | 2 |  2.0
Dodging        | 3 |  3.4
Axes           | 3 |  3.4
Armour         | 1 |  1.8
Fighting       | |  3.8

Action                   |  1- 3 |  4- 6 || total
-------------------------+-------+-------++-------
Melee: Hand axe          |   121 |    93 ||   214
       Punch             |     1 |     1 ||     2
       Broad axe         |       |    17 ||    17
       Headbutt          |       |     1 ||     1
  Use: Scroll            |     2 |     3 ||     5
       Potion            |       |     1 ||     1
 Stab: Sleeping          |     3 |     1 ||     4
Armor: Robe              |     6 |       ||     6
       Ring mail         |    38 |    35 ||    73
Dodge: Dodged            |    87 |    64 ||   151

Table legend: (Time is in decaauts)
 A = Elapsed time spent in this place.
 B = Non-inter-level travel time spent in this place.
 C = Inter-level travel time spent in this place.
 D = Time resting spent in this place.
 E = Time spent auto-exploring this place.
 F = Levels seen in this place.
 G = Mean time per level.
                   A        B        C        D        E       F      G
               +--------+--------+--------+--------+--------+-----+--------+
         Total |   2845 |   2763 |     82 |      0 |   2208 |   3 |  948.3 |
       Dungeon |   2845 |   2763 |     82 |      0 |   2208 |   3 |  948.3 |
               +--------+--------+--------+--------+--------+-----+--------+

Top non-repeatable levels by time:
     D:3: 1064 daAuts
     D:2: 903 daAuts
     D:1: 877 daAuts
